TOP OF THE 1ST |
Vista Panthers batting - Pitching for Maui Tropics : RHP Steve Floyd
|
Pitching: RHP Steve Floyd
|
|
Batting: RHB Stephen Wilson
|
0-0: Called Strike 0-1: Ball 1-1: Ball 2-1: Ball 3-1: Base on Balls
|
Batting: LHB Clyde Yarbrough
|
0-0: Grounds into double play, 4-6-3 (Groundball, 4)
|
Batting: RHB Jake Reeves
|
0-0: Ball 1-0: Ball 2-0: Foul Ball, location: 2F 2-1: Ground out 5-3 (Groundball, 56)
|
Top of the 1st over - 0 runs, 0 hits, 0 errors, 0 left on base; Vista 0 - Maui 0 |
BOTTOM OF THE 1ST |
Maui Tropics batting - Pitching for Vista Panthers : RHP José Salinas
|
Pitching: RHP José Salinas
|
|
Batting: LHB Warren Potter
|
0-0: Called Strike 0-1: Ball 1-1: Called Strike 1-2: Foul Ball, location: 2F 1-2: Foul Ball, location: 2F 1-2: Ball 2-2: Fly out, F9 (Flyball, 9LD)
|
Batting: LHB Ernesto López
|
0-0: SINGLE (Line Drive, 8RS)
|
Batting: RHB Jesús Espinoza
|
0-0: Ball 1-0: Ball 2-0: Swinging Strike 2-1: Fly out, F8 (Flyball, 8RXD)
|
Batting: RHB Luis Alou
|
0-0: Ball Ernesto López is caught stealing 2nd base
|
Bottom of the 1st over - 0 runs, 1 hit, 0 errors, 0 left on base; Vista 0 - Maui 0 |
TOP OF THE 2ND |
Vista Panthers batting - Pitching for Maui Tropics : RHP Steve Floyd
|
Batting: LHB Dante Owens
|
0-0: Called Strike 0-1: Ball 1-1: Called Strike 1-2: SOLO HOME RUN (Flyball, 7D), Distance : 347 ft
|
Batting: RHB Johnny Williams
|
0-0: Ball 1-0: Ball 2-0: Foul Ball, location: 2F 2-1: Foul Ball, location: 2F 2-2: Ball 3-2: SINGLE (Flyball, 7LS)
|
Batting: RHB Luis Ríos
|
0-0: Ball 1-0: Called Strike 1-1: Foul Ball, location: 2F 1-2: Ball 2-2: Foul Ball, location: 2F 2-2: Strikes out swinging
|
Batting: RHB Justin Burgess
|
0-0: Ball 1-0: Grounds into double play, 6-4-3 (Groundball, 6)
|
Top of the 2nd over - 1 run, 2 hits, 0 errors, 0 left on base; Vista 1 - Maui 0 |
BOTTOM OF THE 2ND |
Maui Tropics batting - Pitching for Vista Panthers : RHP José Salinas
|
Batting: RHB Luis Alou
|
0-0: Called Strike 0-1: Foul Ball, location: 2F 0-2: Ball 1-2: Strikes out swinging
|
Batting: LHB Luis Antonio Torres
|
0-0: Ground out 4-3 (Groundball, 4)
|
Batting: RHB José Rodríguez
|
0-0: Ball 1-0: Foul Ball, location: 2F 1-1: Foul Ball, location: 2F 1-2: Ball 2-2: Ground out 5-3 (Groundball, 56S)
|
Bottom of the 2nd over - 0 runs, 0 hits, 0 errors, 0 left on base; Vista 1 - Maui 0 |
TOP OF THE 3RD |
Vista Panthers batting - Pitching for Maui Tropics : RHP Steve Floyd
|
Batting: RHB Phil Matthews
|
0-0: Called Strike 0-1: Ball 1-1: TRIPLE (Line Drive, 89XD)
|
Batting: RHB Gustavo Torres
|
0-0: Swinging Strike 0-1: Ball 1-1: Ball 2-1: Foul Ball, location: 2F 2-2: Foul Ball, location: 2F 2-2: Strikes out swinging
|
Batting: RHB Stephen Wilson
|
0-0: Ball 1-0: Ball 2-0: Ball 3-0: Base on Balls
|
Batting: LHB Clyde Yarbrough
|
0-0: Ball 1-0: Ball 2-0: Ball 3-0: Called Strike 3-1: Foul Ball, location: 2F 3-2: Foul Ball, location: 2F 3-2: Base on Balls Stephen Wilson to second
|
Batting: RHB Jake Reeves
|
0-0: Called Strike 0-1: Foul Ball, location: 2F 0-2: Fly out, F5 (Popup, 5S)
|
Batting: LHB Dante Owens
|
0-0: Called Strike 0-1: Ball 1-1: Ball 2-1: Ground out 1-3 (Groundball, 13)
|
Top of the 3rd over - 0 runs, 1 hit, 0 errors, 3 left on base; Vista 1 - Maui 0 |
BOTTOM OF THE 3RD |
Maui Tropics batting - Pitching for Vista Panthers : RHP José Salinas
|
Batting: RHB Michael Woodruff
|
0-0: Ball 1-0: Ball 2-0: Called Strike 2-1: Swinging Strike 2-2: Ball 3-2: Strikes out swinging
|
Batting: RHB Matt Silver
|
0-0: Ball 1-0: SINGLE (Line Drive, 6D)
|
Batting: RHB Bo Vickers
|
0-0: Called Strike 0-1: Ball 1-1: Foul Ball, location: 2F 1-2: SINGLE (Groundball, 56D) Matt Silver to second
|
Batting: LHB Warren Potter
|
0-0: Ball 1-0: Called Strike 1-1: Called Strike 1-2: Ball 2-2: DOUBLE (Line Drive, 9LM) Matt Silver scores Bo Vickers to third
|
Batting: LHB Ernesto López
|
0-0: Ball 1-0: Fly out, F8 (Flyball, 8LD) Runner from 3rd tags up, SCORES, throw made
|
Batting: RHB Jesús Espinoza
|
0-0: Ball Wild Pitch! Warren Potter to third 1-0: Swinging Strike 1-1: Ball 2-1: Swinging Strike 2-2: Foul Ball, location: 2F 2-2: Fly out, F7 (Flyball, 7S)
|
Bottom of the 3rd over - 2 runs, 3 hits, 0 errors, 1 left on base; Vista 1 - Maui 2 |
TOP OF THE 4TH |
Vista Panthers batting - Pitching for Maui Tropics : RHP Steve Floyd
|
Batting: RHB Johnny Williams
|
0-0: Called Strike 0-1: Ball 1-1: Called Strike 1-2: Foul Ball, location: 2F 1-2: SINGLE (Line Drive, 89M)
|
Batting: RHB Luis Ríos
|
0-0: Ball 1-0: Called Strike Johnny Williams steals 2nd base 1-1: Ball 2-1: Fly out, F7 (Flyball, 7LD)
|
Batting: RHB Justin Burgess
|
0-0: Called Strike 0-1: Ball 1-1: Ball 2-1: Foul Ball, location: 2F 2-2: Ball 3-2: Reached on error, E6 (Groundball, 6) Johnny Williams scores
|
Batting: RHB Phil Matthews
|
0-0: Fly out, F9 (Flyball, 9LSF)
|
Batting: RHB Gustavo Torres
|
0-0: Ball 1-0: Foul Ball, location: 2F 1-1: Ground out 6-3 (Groundball, 6)
|
Top of the 4th over - 1 run, 1 hit, 1 error, 1 left on base; Vista 2 - Maui 2 |
BOTTOM OF THE 4TH |
Maui Tropics batting - Pitching for Vista Panthers : RHP José Salinas
|
Batting: RHB Luis Alou
|
0-0: Foul Ball, location: 2F 0-1: Ball 1-1: Ground out 4-3 (Groundball, 4)
|
Batting: LHB Luis Antonio Torres
|
0-0: Swinging Strike 0-1: Swinging Strike 0-2: Strikes out swinging
|
Batting: RHB José Rodríguez
|
0-0: Called Strike 0-1: Foul Ball, location: 2F 0-2: Ground out 5-3 (Groundball, 56)
|
Bottom of the 4th over - 0 runs, 0 hits, 0 errors, 0 left on base; Vista 2 - Maui 2 |
TOP OF THE 5TH |
Vista Panthers batting - Pitching for Maui Tropics : RHP Steve Floyd
|
Batting: RHB Stephen Wilson
|
0-0: Ball 1-0: Called Strike 1-1: Swinging Strike 1-2: DOUBLE (Line Drive, 8LXD)
|
Batting: LHB Clyde Yarbrough
|
0-0: Called Strike 0-1: Foul Ball, location: 2F 0-2: Foul Ball, location: 2F 0-2: SINGLE (Groundball, 34D) Stephen Wilson to third
|
Batting: RHB Jake Reeves
|
0-0: Swinging Strike 0-1: Ball 1-1: Swinging Strike 1-2: Ball 2-2: Ball 3-2: Reached via error on a dropped throw, E4 Stephen Wilson scores Clyde Yarbrough to second
|
Batting: LHB Dante Owens
|
0-0: Swinging Strike 0-1: Ball 1-1: Foul Ball, location: 2F 1-2: Ball 2-2: Fly out, F3 (Line Drive, 3S) Lined into DP, U3 (Line Drive, 3S)
|
Now at 1B: Ximena Campos
|
|
Batting: RHB Johnny Williams
|
0-0: Ball 1-0: Swinging Strike 1-1: Ball 2-1: Ball 3-1: Called Strike 3-2: Foul Ball, location: 2F 3-2: Base on Balls
|
Batting: RHB Luis Ríos
|
0-0: Called Strike 0-1: Swinging Strike 0-2: Ball 1-2: Ground out 6-3 (Groundball, 6S)
|
Top of the 5th over - 1 run, 2 hits, 1 error, 2 left on base; Vista 3 - Maui 2 |
BOTTOM OF THE 5TH |
Maui Tropics batting - Pitching for Vista Panthers : RHP José Salinas
|
Batting: RHB Michael Woodruff
|
0-0: Ball 1-0: Called Strike 1-1: Called Strike 1-2: Strikes out swinging
|
Batting: RHB Matt Silver
|
0-0: Ball 1-0: Fly out, F8 (Flyball, 8LM)
|
Batting: RHB Bo Vickers
|
0-0: Ground out 5-3 (Groundball, 56)
|
Bottom of the 5th over - 0 runs, 0 hits, 0 errors, 0 left on base; Vista 3 - Maui 2 |
TOP OF THE 6TH |
Vista Panthers batting - Pitching for Maui Tropics : RHP Steve Floyd
|
Pitching: RHP César Rúbio
|
|
Batting: RHB Justin Burgess
|
0-0: Called Strike 0-1: Ball 1-1: Fly out, F8 (Flyball, 89S)
|
Batting: RHB Phil Matthews
|
0-0: SINGLE (Flyball, 9S)
|
Batting: RHB Gustavo Torres
|
0-0: Fly out, F7 (Flyball, 7)
|
Batting: RHB Stephen Wilson
|
0-0: Called Strike 0-1: Ball 1-1: Swinging Strike 1-2: Strikes out swinging
|
Top of the 6th over - 0 runs, 1 hit, 0 errors, 1 left on base; Vista 3 - Maui 2 |
BOTTOM OF THE 6TH |
Maui Tropics batting - Pitching for Vista Panthers : RHP José Salinas
|
Batting: LHB Warren Potter
|
0-0: Ball 1-0: Ball 2-0: Foul Ball, location: 2F 2-1: Fly out, F8 (Flyball, 8LS)
|
Batting: LHB Ernesto López
|
0-0: Fly out, F8 (Flyball, 8RS)
|
Batting: RHB Jesús Espinoza
|
0-0: Ball 1-0: Fly out, F8 (Flyball, 8LS)
|
Bottom of the 6th over - 0 runs, 0 hits, 0 errors, 0 left on base; Vista 3 - Maui 2 |
TOP OF THE 7TH |
Vista Panthers batting - Pitching for Maui Tropics : RHP César Rúbio
|
Batting: LHB Clyde Yarbrough
|
0-0: Ball 1-0: Called Strike 1-1: DOUBLE (Flyball, 89D)
|
Batting: RHB Jake Reeves
|
0-0: Called Strike 0-1: Foul Ball, location: 2F 0-2: Ground out 1-3 (Groundball, P) Clyde Yarbrough to third
|
Batting: LHB Dante Owens
|
0-0: Ball 1-0: Ball 2-0: Foul Ball, location: 2F 2-1: Ground out 1-3 (Groundball, 13S)
|
Batting: RHB Johnny Williams
|
0-0: Ball 1-0: Foul Ball, location: 2F 1-1: Swinging Strike 1-2: Strikes out swinging
|
Top of the 7th over - 0 runs, 1 hit, 0 errors, 1 left on base; Vista 3 - Maui 2 |
BOTTOM OF THE 7TH |
Maui Tropics batting - Pitching for Vista Panthers : RHP José Salinas
|
Batting: RHB Luis Alou
|
0-0: Ball 1-0: Ball 2-0: Foul Ball, location: 2F 2-1: Foul Ball, location: 2F 2-2: Foul Ball, location: 2F 2-2: Ball 3-2: Foul Ball, location: 2F 3-2: Strikes out swinging
|
Batting: RHB Ximena Campos
|
0-0: Called Strike 0-1: Ball 1-1: Ball 2-1: Called Strike 2-2: Strikes out looking
|
Batting: RHB José Rodríguez
|
0-0: Called Strike 0-1: Ball 1-1: Ball 2-1: Ball 3-1: Foul Ball, location: 2F 3-2: SINGLE (Line Drive, 9LS)
|
Batting: RHB Michael Woodruff
|
0-0: Ball 1-0: Ground out 3-1 (Groundball, 34S)
|
Bottom of the 7th over - 0 runs, 1 hit, 0 errors, 1 left on base; Vista 3 - Maui 2 |
TOP OF THE 8TH |
Vista Panthers batting - Pitching for Maui Tropics : RHP César Rúbio
|
Batting: RHB Luis Ríos
|
0-0: Ball 1-0: Foul Ball, location: 2F 1-1: Fly out, F7 (Flyball, 78S)
|
Batting: RHB Justin Burgess
|
0-0: Swinging Strike 0-1: Swinging Strike 0-2: Ball 1-2: Foul Ball, location: 2F 1-2: Strikes out looking
|
Batting: RHB Phil Matthews
|
0-0: Ground out 5-3 (Groundball, 56)
|
Top of the 8th over - 0 runs, 0 hits, 0 errors, 0 left on base; Vista 3 - Maui 2 |
BOTTOM OF THE 8TH |
Maui Tropics batting - Pitching for Vista Panthers : RHP José Salinas
|
Now at 1B: Francisco Medina
|
|
Batting: RHB Matt Silver
|
0-0: Ball 1-0: Ball 2-0: Called Strike 2-1: SOLO HOME RUN (Flyball, 7D), Distance : 364 ft
|
Pinch Hitting: LHB Dave Cook
|
0-0: Ball 1-0: Ball 2-0: Foul Ball, location: 2F 2-1: Ground out 4-3 (Groundball, 4)
|
Batting: LHB Warren Potter
|
0-0: Called Strike 0-1: SINGLE (Groundball, 6MD)
|
Pitching: LHP António Martínez
|
|
Batting: LHB Ernesto López
|
0-0: Called Strike 0-1: Swinging Strike 0-2: Strikes out swinging
|
Batting: RHB Jesús Espinoza
|
0-0: Ground out 5-3 (Groundball, 5S)
|
Bottom of the 8th over - 1 run, 2 hits, 0 errors, 1 left on base; Vista 3 - Maui 3 |
TOP OF THE 9TH |
Vista Panthers batting - Pitching for Maui Tropics : RHP César Rúbio
|
Pitching: RHP Ramón Estrada
|
|
Now at 2B: Reynaldo Slomp
|
|
Pinch Hitting: LHB Noriaki Sangi
|
0-0: Foul Ball, location: 2F 0-1: Called Strike 0-2: Ball 1-2: Ball 2-2: Reached on error, E4 (Groundball, 4)
|
Batting: RHB Stephen Wilson
|
0-0: Swinging Strike 0-1: Swinging Strike 0-2: Strikes out looking
|
Batting: LHB Clyde Yarbrough
|
0-0: Swinging Strike 0-1: Foul Ball, location: 2F 0-2: Fly out, F7 (Flyball, 7)
|
Batting: RHB Jake Reeves
|
Pickoff Throw to First - Out!
|
Top of the 9th over - 0 runs, 0 hits, 1 error, 0 left on base; Vista 3 - Maui 3 |
BOTTOM OF THE 9TH |
Maui Tropics batting - Pitching for Vista Panthers : LHP António Martínez
|
Pitching: RHP David Simpson
|
|
Now in CF: Ramiro Martínez
|
|
Batting: RHB Luis Alou
|
0-0: Called Strike 0-1: Foul Ball, location: 2F 0-2: Ball 1-2: SOLO HOME RUN (Line Drive, 7LD), Distance : 361 ft
|
Saturday, April 7th, 2018 - OOTP Baseball 18.8 Build 76
|
|